 Dungeon Crawl Stone Soup version 0.30.0-29-ga12c61a403 (webtiles) character file.

Game seed: 9179079749382065170

147 qw the Chopper (level 5, -2/32 HPs)
             Began as a Gargoyle Fighter on June 5, 2023.
             Killed from afar by Natasha (4 damage)
             ... with a magic dart
             ... on level 3 of the Dungeon.
             The game lasted 00:01:00 (2168 turns).

qw the Chopper (Gargoyle Fighter)                   Turns: 2168, Time: 00:01:00

Health: -2/32      AC: 14    Str: 21    XL:     5   Next: 29%
Magic:  5/5        EV:  7    Int:  9    God:
Gold:   67         SH:  4    Dex:  9    Spells: 4/4 levels left

rFire   . . .        Y - +0 war axe
rCold   . . .        c - +0 buckler
rNeg    + . .        g - +0 chain mail
rPois   inf          l - +0 helmet
rElec   +            (no cloak)
rCorr   .            (no gloves)
SInv    .            (no boots)
Will    .....        (no amulet) Stlth
                     (no ring)
HPRegen 0.25/turn    (no ring)
MPRegen 0.09/turn

%: no passive effects
@: no status effects
A: sickness immunity, AC +4, negative energy resistance 1, electricity
resistance, torment resistance 1, petrification resistance
a: no special abilities


You were on level 3 of the Dungeon.
You visited 1 branch of the dungeon, and saw 3 of its levels.

You collected 67 gold pieces.


Innate Abilities, Weirdness & Mutations

You are immune to sickness and miasma.
Your stone body is resilient. (AC +4)
You are immune to poison.
You resist negative energy. (rN+)
You are resistant to electric shocks. (rElec)
You are resistant to unholy torment.
You are immune to petrification.


   Skills:
 - Level 3.2 Fighting
 + Level 4.8 Axes
 - Level 3.2 Armour
 - Level 3.2 Shields


You had 4 spell levels left.
You didn't know any spells.
Your spell library was empty.

Inventory:

Hand Weapons
 f - a +0 flail
 Y - a +0 war axe (weapon)
Armour
 b - a +0 cloak
 c - a +0 buckler (worn)
 g - a +0 chain mail (worn)
 l - a +0 helmet (worn)
Jewellery
 h - a +5 ring of evasion
Scrolls
 a - 2 scrolls of identify
Potions
 d - a potion of might
 e - a potion of cancellation {unknown}
 j - 2 potions of curing
 n - a potion of lignification

Dungeon Overview and Level Annotations

Branches:
Dungeon (3/15)

Altars:

Annotations:
D:3 Natasha


Message History

You closely miss the cerulean imp.
The cerulean imp is almost dead.
You hit Natasha. You hit the cerulean imp. You block the cerulean imp's attack.
Natasha claws you.
The cerulean imp hits you with a +1 spear.
You closely miss the cerulean imp.
The cerulean imp is almost dead.
You closely miss Natasha. You miss the cerulean imp.
The cerulean imp hits you but does no damage.
Natasha closely misses you.
The cerulean imp hits you but does no damage.
You block the cerulean imp's attack.
You hit the cerulean imp.
You kill the cerulean imp!
The cerulean imp disappears in a puff of smoke!
You barely miss the cerulean imp. You closely miss Natasha.
Natasha closely misses you.
The cerulean imp hits you but does no damage.
Natasha closely misses you.
You barely miss Natasha.
Natasha is severely wounded.
You closely miss the cerulean imp. The cerulean imp barely misses you.
Natasha claws you but does no damage. The cerulean imp completely misses you.
You barely miss Natasha.
Natasha is severely wounded.
You barely miss the cerulean imp. Natasha claws you but does no damage.
The cerulean imp barely misses you.
You barely miss Natasha.
Natasha is severely wounded.
You hit the cerulean imp. Natasha claws you but does no damage.
The cerulean imp barely misses you. Natasha claws you.
You hit the cerulean imp.
You kill the cerulean imp!
The cerulean imp disappears in a puff of smoke!
You hit Natasha. Natasha casts a spell at you. The magic dart hits you.
You die...

#########...... #......$..>.....
#............... #...............
#............. #...........#
#......%%h..# #.......@...#
#........ยค..# #......
#...........# #......
.<.###..........$# #......
.................# ####......
##########'#.#+#####.. ..##......
#..............#####.###.#)......
#.#####..#.#......># # #.#.......
#)))#....#.#######.#####.#.......


You could see Natasha.

Vanquished Creatures
  A scorpion (D:3)
  An orc priest (D:3)
  A worm (D:2)
  4 orcs (D:3)
  7 ball pythons
  5 endoplasms
  4 giant cockroaches
  4 goblins
  5 hobgoblins
  5 kobolds
  A quokka (D:2)
  2 bats (D:2)
  A frilled lizard (D:1)
  3 rats
44 creatures vanquished.

Notes
Turn   | Place    | Note
-------+----------+-------------------------------------------
     0 | D:1      | qw the Gargoyle Fighter began the quest for the Orb.
     0 | D:1      | Reached XP level 1. HP: 14/14 MP: 1/1
     0 | D:1      | 0 ||| qw: Version: 0.2-a-108-gee2c290
     0 | D:1      | 0 ||| qw: Game counter: 1377
     0 | D:1      | 0 ||| qw: Always use a shield: true
     0 | D:1      | 0 ||| qw: God list: Okawaru
     0 | D:1      | 0 ||| qw: Allow faded altars: false
     0 | D:1      | 0 ||| qw: Do Orc after D:15 true
     0 | D:1      | 0 ||| qw: Do second Lair branch before Depths: true
     0 | D:1      | 0 ||| qw: Lair rune preference: random
     0 | D:1      | 0 ||| qw: Plans: Normal, Zot:1-4, Slime:5, God:TSO, Crypt,
                  | Tomb, Abyss, Pan, Hells, Win
     0 | D:1      | 0 ||| PLANNING D:1-11
    61 | D:1      | Reached skill level 2 in Axes
   131 | D:1      | Reached XP level 2. HP: 19/19 MP: 2/2
   171 | D:1      | 171 ||| Stepping ~*~*~tactically~*~*~ (stealth).
   174 | D:1      | 174 ||| Stepping ~*~*~tactically~*~*~ (stealth).
   175 | D:1      | 175 ||| Stepping ~*~*~tactically~*~*~ (stealth).
   569 | D:1      | 569 ||| UPGRADING to +0 chain mail.
   579 | D:1      | 579 ||| DROPPING +0 scale mail.
   580 | D:1      | 580 ||| READING 3 scrolls labelled AGOCZE ULYCIEL.
   581 | D:1      | 581 ||| READING scroll labelled BERPHU UCLE.
   582 | D:1      | 582 ||| DRINKING 3 amethyst potions.
   583 | D:1      | 583 ||| READING 2 scrolls of identify.
   583 | D:1      | 583 ||| IDENTIFYING glowing puce potion
   584 | D:1      | 584 ||| DROPPING potion of ambrosia.
   609 | D:2      | HP: 2/19 [worm (6)]
   613 | D:2      | Reached skill level 3 in Axes
   712 | D:2      | Reached XP level 3. HP: 23/23 MP: 3/3
  1674 | D:2      | 1674 ||| UPGRADING to +0 helmet.
  1679 | D:2      | 1679 ||| READING scroll labelled ENWAVA XOUBRU.
  1680 | D:2      | 1680 ||| READING scroll labelled VIG QIOSOZ.
  1681 | D:2      | 1681 ||| READING scroll labelled ZIROME SOINI.
  1682 | D:2      | 1682 ||| READING scroll labelled CEASAI KAGEUT.
  1683 | D:2      | 1683 ||| READING scroll labelled GELOG PU LAA.
  1684 | D:2      | 1684 ||| READING scroll labelled VUINUH LOAMEWA.
  1785 | D:2      | 1785 ||| DRINKING 2 fizzy white potions.
  1840 | D:2      | 1840 ||| READING 2 scrolls of identify.
  1840 | D:2      | 1840 ||| IDENTIFYING murky orange potion
  1841 | D:2      | 1841 ||| DROPPING potion of flight.
  2059 | D:3      | 2059 ||| Stepping ~*~*~tactically~*~*~ (stealth).
  2068 | D:3      | 2068 ||| Stepping ~*~*~tactically~*~*~ (hiding).
  2069 | D:3      | 2069 ||| Stepping ~*~*~tactically~*~*~ (hiding).
  2078 | D:3      | Reached skill level 4 in Axes
  2078 | D:3      | Reached XP level 4. HP: 26/28 MP: 4/4
  2086 | D:3      | 2086 ||| DROPPING +0 whip.
  2090 | D:3      | 2090 ||| Stepping ~*~*~tactically~*~*~ (stealth).
  2148 | D:3      | Noticed Natasha
  2151 | D:3      | Noticed a scorpion
  2161 | D:3      | Killed a scorpion
  2161 | D:3      | HP: 5/28 [cerulean imp/+1 spear[Natasha] (4)]
  2162 | D:3      | Reached XP level 5. HP: 5/32 MP: 5/5
  2162 | D:3      | HP: 2/32 [cerulean imp/+1 spear[Natasha] (1)]
  2167 | D:3      | HP: 2/32 [Natasha (2)]
  2168 | D:3      | Killed from afar by Natasha

Levels and vault maps discovered:
D:1:      giann_bridges, layout_rooms, amcnicky_mini_corridor_feature
D:2:      layout_basic
D:3:      layout_basic, uniq_natasha, uniq_sigmund

Skill      XL: |  1  2  3 |
---------------+----------+-----
Axes           | 2 3 4 |  4.8
Fighting       | |  3.2
Armour         | |  3.2
Shields        | |  3.2

Action                     |  1- 3 |  4- 6 || total
---------------------------+-------+-------++-------
  Melee: War axe           |   123 |    19 ||   142
    Use: Scroll            |    10 |       ||    10
         Potion            |     2 |       ||     2
 Armour: Scale mail        |    24 |       ||    24
         Chain mail        |    34 |    27 ||    61
  Dodge: Dodged            |    34 |    18 ||    52
  Block: Buckler           |    23 |    12 ||    35

Table legend:
 A = Non-vault XP
 B = Vault XP
 C = Vault XP percentage of total XP
 D = Non-vault monster count
 E = Vault monster count
 F = Vault count percentage of total count
                 A         B        C        D         E       F
            +---------+---------+-------+---------+---------+-------
      Total |     211 |       0 |   0.0 |      44 |       0 |   0.0
            +---------+---------+-------+---------+---------+-------
        D:1 |      25 |       0 |   0.0 |      16 |       0 |   0.0
        D:2 |      33 |       0 |   0.0 |      17 |       0 |   0.0
        D:3 |     153 |       0 |   0.0 |      11 |       0 |   0.0
            +---------+---------+-------+---------+---------+-------
